 Dungeon Crawl Stone Soup version 0.32-a0-913-g739538a (webtiles) character file.

Game seed: 11752901373697341045

282508 10x100 the Severer (level 21, -19/177 HPs)
             Began as a Formicid Fighter on Apr 7, 2024.
             Was a Priest of Okawaru.
             Killed from afar by Frederick (61 damage)
             ... on level 3 of the Vaults.
             The game lasted 01:41:37 (30026 turns).

10x100 the Severer (Formicid Fighter)              Turns: 30026, Time: 01:41:38

Health: -19/177    AC: 27    Str: 29    XL:     21   Next: 40%
Magic:  23/28      EV: 18    Int: 11    God:    Okawaru [***...]
Gold:   2748       SH: 16    Dex: 13    Spells: 20/20 levels left

rFire   . . .        b - +5 executioner's axe (distort)
rCold   + . .        c - +2 kite shield {AC+3}
rNeg    . . .        l - +3 scale mail {rC+}
rPois   +            (helmet unavailable)
rElec   .            a - +1 cloak of Starlight {*Dazzle EV+4 Stlth--}
rCorr   +            r - +1 pair of gloves of Resonance {-Cast Rampage rPois Will+++}
SInv    +            e - +3 pair of seven-league boots {Rampage+∞}
Will    +++++        k - amulet of regeneration Stlth
                     m - +4 ring of slaying
HPRegen 1.29/turn    Y - ring of resist corrosion
MPRegen 0.21/turn

%: no spellcasting, rampage+∞
@: finesse-ful
A: permanent stasis, dig shafts and tunnels, antennae 3, four strong arms
}: 2/15 runes: decaying, gossamer
a: Dig, Shaft Self, Renounce Religion, Heroism


You were on level 3 of the Vaults.
You worshipped Okawaru.
Okawaru was most pleased with you.
You visited 7 branches of the dungeon, and saw 34 of its levels.
You visited 1 bazaar.

You collected 6590 gold pieces.
You spent 3842 gold pieces at shops.

Inventory:

Hand Weapons
 b - a +5 executioner's axe of distortion (weapon)
 p - a -2 demon whip of venom
 L - a +2 glaive of flaming
Missiles
 x - 3 throwing nets
 C - 5 curare-tipped darts
Armour
 a - the +1 cloak of Starlight (worn) {*Dazzle EV+4 Stlth--}
   (You bought it in a shop on level 1 of the Vaults)

   *Dazzle:   It may blind those who miss an attack against the wearer in melee
   combat.
   EV+4:      It affects your evasion (+4).
   Stlth--:   It makes you much less stealthy.
 c - a +2 kite shield of protection (worn)
 e - the +3 pair of seven-league boots (worn) {Rampage+∞}
   (Okawaru gifted it to you on level 2 of the Lair of Beasts)

   Rampage+∞: When moving toward enemies, its wearer moves as far as possible,
   alerting their target en route.
 l - a +3 scale mail of cold resistance (worn)
 r - the +1 pair of gloves of Resonance (worn) {-Cast Rampage rPois Will+++}
   (You found it on level 4 of the Spider Nest)

   rPois:     It protects you from poison.
   Will+++:   It greatly increases your willpower.
   -Cast:     It prevents spellcasting.
   Rampage:   It bestows one free step when moving towards enemies.
Jewellery
 k - an amulet of regeneration (around neck)
 m - a +4 ring of slaying (left hand)
 u - a ring of willpower
 v - the ring "Bitag" {Fire rPois Int-5 Dex+2 Stlth+}
   (You bought it in a shop on level 2 of the Orcish Mines)

   [ring of fire]

   Fire:      It enhances your fire magic.
   Int-5:     It affects your intelligence (-5).
   Dex+2:     It affects your dexterity (+2).
   rF+:       It protects you from fire.
   rC-:       It makes you vulnerable to cold.
   rPois:     It protects you from poison.
   Stlth+:    It makes you more stealthy.
 y - an amulet of reflection
 E - the ring of Efugostros {^Drain +Blink Fly rC- AC+4}
   (You found it on level 14 of the Dungeon)

   [ring of protection]

   AC+4:      It affects your AC (+4).
   rC-:       It makes you vulnerable to cold.
   Fly:       It grants you flight.
   +Blink:    It lets you blink.
   ^Drain:    It drains your maximum health when unequipped.
 V - a ring of ice
 Y - a ring of resist corrosion (right hand)
Wands
 d - a wand of iceblast (7)
 o - a wand of charming (30)
 s - a wand of flame (13)
 N - a wand of polymorph (14)
 P - a wand of mindburst (13)
 T - a wand of acid (10)
 X - a wand of digging (18)
Scrolls
 f - 7 scrolls of enchant armour
 g - 7 scrolls of vulnerability
 h - 2 scrolls of brand weapon
 z - a scroll of amnesia
 A - 6 scrolls of fog
 B - a scroll of summoning
 H - a scroll of immolation
 J - 7 scrolls of poison
 Q - 3 scrolls of fear
 U - 5 scrolls of revelation
 W - 8 scrolls of identify
Potions
 j - a potion of cancellation
 n - 4 potions of might
 q - 4 potions of attraction
 t - 2 potions of invisibility
 w - a potion of enlightenment
 F - 6 potions of lignification
 G - a potion of brilliance
 I - 9 potions of ambrosia
 K - 4 potions of mutation
 M - 12 potions of curing
 R - 2 potions of resistance
 S - 7 potions of heal wounds
 Z - a potion of magic
Miscellaneous
 i - a phantom mirror


   Skills:
 - Level 18.0 Fighting
 - Level 19.0 Axes
 - Level 18.0 Armour
 + Level 12.3 Dodging
 - Level 18.0 Shields
 - Level 10.0 Invocations
 - Level 10.0 Evocations


You had 20 spell levels left.
You didn't know any spells.
Your spell library contained the following spells:

 Spells                   Type           Power      Damage    Failure   Level
 Magic Dart               Conj           0%         1d3       58%         1
 Cigotuvi's Dreadful Rot  Necr/Alch/Air  0%         N/A       73%         2
 Ensorcelled Hibernation  Hex/Ice        0%         N/A       73%         2
 Lesser Beckoning         Tloc           0%         N/A       73%         2
 Searing Ray              Conj           0%         2d4       73%         2
 Static Discharge         Conj/Air       0%         3-3/arc   73%         2
 Sublimation of Blood     Necr           0%         N/A       73%         2
 Dazzling Flash           Conj/Hex       0%         N/A       91%         3
 Frozen Ramparts          Ice            0%         1d1       91%         3
 Inner Flame              Hex/Fire       0%         N/A       91%         3
 Ozocubu's Armour         Ice            0%         N/A       91%         3
 Passwall                 Erth           0%         N/A       91%         3
 Sigil of Binding         Hex            0%         N/A       91%         3
 Stone Arrow              Conj/Erth      0%         3d7       91%         3
 Teleport Other           Tloc           0%         N/A       91%         3
 Airstrike                Air            0%         2d(0-16)  100%        4
 Anguish                  Hex/Necr       0%         N/A       100%        4
 Cause Fear               Hex            0%         N/A       100%        4
 Dimensional Bullseye     Hex/Tloc       0%         N/A       100%        4
 Fulminant Prism          Conj/Alch      0%         3d5       100%        4
 Ignite Poison            Fire/Alch      0%         N/A       100%        4
 Leda's Liquefaction      Alch/Erth      0%         N/A       100%        4
 Olgreb's Toxic Radiance  Alch           0%         N/A       100%        4
 Petrify                  Alch/Erth      0%         N/A       100%        4
 Freezing Cloud           Conj/Ice/Air   0%         6-21      100%        5
 Irradiate                Conj/Alch      0%         3d11      100%        5
 Lee's Rapid Deconstruct  Erth           0%         3d4*      100%        5
 Metabolic Englaciation   Hex/Ice        0%         N/A       100%        5
 Eringya's Noxious Bog    Alch           0%         4d6       100%        6
 Permafrost Eruption      Ice/Erth       0%         2x4d1     100%        6
 Starburst                Conj/Fire      0%         6d3       100%        6
 Enfeeble                 Hex            0%         N/A       100%        7
 Orb of Destruction       Conj           0%         9d5       100%        7
 Ozocubu's Refrigeration  Ice            0%         4d7       100%        7
 Discord                  Hex            0%         N/A       100%        8
 Ignition                 Fire           0%         3d3       100%        8
 Lehudib's Crystal Spear  Conj/Erth      0%         10d2      100%        8
 Maxwell's Capacitive Co  Air            0%         ∞         100%        8
 Polar Vortex             Ice            0%         N/A       100%        9
 Call Canine Familiar     Summ           Unusable   N/A       N/A         3
 Maxwell's Portable Pile  Tloc           Unusable   2d(5-13)  N/A         3
 Swiftness                Air            Unusable   N/A       N/A         3
 Animate Armour           Summ/Erth      Unusable   N/A       N/A         4
 Summon Blazeheart Golem  Fire/Summ      Unusable   N/A       N/A         4
 Summon Lightning Spire   Summ/Air       Unusable   N/A       N/A         4
 Summon Forest            Summ/Tloc      Unusable   N/A       N/A         5
 Sculpt Simulacrum        Ice/Alch       Unusable   N/A       N/A         6
 Spellforged Servitor     Conj/Summ      Unusable   N/A       N/A         7
 Summon Hydra             Summ           Unusable   N/A       N/A         7

Dungeon Overview and Level Annotations

Branches:
Dungeon (15/15)            Temple (1/1) D:6            Lair (5/5) D:9
  Swamp (4/4) Lair:3       Spider (4/4) Lair:3        Slime (0/5) Lair:4
    Orc (2/2) D:11            Elf (0/3) Orc:2        Vaults (3/5) D:13
 Depths (0/4) D:15
  Crypt: Vaults:2-3

Altars:
Ashenzari
Cheibriados
Dithmenos
Elyvilon
Fedhas
Gozag
Hepliaklqana
Kikubaaqudgha
Makhleb
Nemelex Xobeh
Okawaru
Qazlal
Ru
Sif Muna
Trog
Uskayaw
Vehumet
Wu Jian
Xom
Yredelemnul
Zin
The Shining One
Jiyva
Lugonu

Shops:
D:1 *   D:5 (   D:11 *   D:13 :   Orc:2 [(??*=   Vaults:1 [   Vaults:2 (

Annotations:
Vaults:3 Frederick
Abyss:1 Azrael, Saint Roka


Innate Abilities, Weirdness & Mutations

You cannot be hasted, slowed, berserked, paralysed or teleported.
You can dig through walls and to a lower floor.
You have a pair of large antennae on your head. (SInv)
Your four strong arms can wield two-handed weapons with a shield.


Message History

You kill the vault sentinel!
Okawaru accepts your kill.
Frederick casts a spell.
Frederick summons a servant imbued with his destructive magic!
You stride towards Frederick!
You closely miss Frederick. You slice the spellforged servitor!!
Space warps around the spellforged servitor.
Frederick points at you and mumbles some strange words.
The iron shot misses you.
Frederick is knocked back by the blast.
You stride towards Frederick!
You slash Frederick!
Space warps horribly around Frederick!!
Frederick is lightly wounded.
You carve Frederick like a ham!!!
Frederick is moderately wounded.
You closely miss the spellforged servitor.
Frederick blinks!
Frederick points at you and mumbles some strange words.
The iron shot hits you!!!
You slash the spellforged servitor!
Space warps horribly around the spellforged servitor!!
The spellforged servitor is severely damaged.
Frederick mumbles some strange words.
The bolt of lightning hits you!!! The fiery plasma misses you.
You hear a shout! x3
You can now deal lightning-fast blows.
You can no longer speed up your combat.
Frederick casts a spell at you. The iron shot hits you!!
* * * LOW HITPOINT WARNING * * *
The spellforged servitor gestures wildly while chanting.
The bolt of lightning misses you.
The fiery plasma hits you but does no damage.
Frederick points at you and mumbles some strange words.
You block the iron shot.
Frederick is knocked back by the blast.
You hear a shout!
You feel like a meek peon again.
Frederick gestures wildly while chanting.
The bolt of lightning hits you!!!
You die...
Frederick says, "You don't even know how to die right."

<).#.....##.........# #......'...
.†.#.....##.........# ########..#
...#.....##.........# #..'
####.....##.........# #..'
#.....##.........# #..#
#.....##.....@...# #...
####.....#######'################
.................................
................@................
......................)....>.....
..(............9.)).)............
...................§§...|........
####.....##########'###########'#
#.....# #.....)# #..##.. #.....#
#......# ###..##.. #.....#
#......# #.......) #.....#
#......# #........


You could see Frederick and a spellforged servitor (summoned).

Vanquished Creatures
  A tentacled monstrosity (Swamp:2)
  Asterion (Spider:2)
  Mlioglotl (Spider:2)
  A sphinx (Vaults:2)
  Gastronok (D:9)
  A thorn hunter (Swamp:3)
  2 fenstrider witches
  A ghost moth (Spider:4)
  3 vault wardens
  A ghoul (Swamp:4)
  3 orc warlords
  A stone giant (D:12)
  8 ironbound preservers
  7 broodmothers
  A formless jellyfish (Vaults:1)
  2 ironbound thunderhulks
  4 eleionomae
  5 dire elephants (Vaults:3)
  A spark wasp (Spider:2)
  A bunyip (Swamp:2)
  An entropy weaver (Spider:1)
  3 yaktaur captains
  A shambling mangrove (Swamp:4)
  A great orb of eyes (Vaults:2)
  A vault guard (Vaults:1)
  A rakshasa (D:15)
  17 hydras
  4 jorogumos
  2 ghost crabs (Swamp:4)
  8 alligators
  3 radroaches
  2 centaur warriors
  Erica (D:9)
  4 two-headed ogres
  6 ironbound frosthearts
  7 boulder beetles
  4 thrashing horrors (D:14)
  3 demonic crawlers
  8 death yaks
  Urug (Lair:3)
  7 orc high priests
  2 occultists (D:15)
  Amaemon (D:8)
  3 skysharks (Lair:5)
  3 pharaoh ants
  A death drake (Swamp:1)
  5 spriggan druids
  5 goliath frogs
  7 arcanists
  8 skeletal warriors
  13 swamp dragons
  25 deep trolls
  4 bog bodies
  9 orb spiders
  5 steelbarb worms
  A glowing orange brain (Vaults:2)
  A sun moth (Spider:2)
  An orange crystal statue (D:15)
  A wolf spider zombie (D:15)
  4 lindwurms
  5 ironbound convokers
  Pikel (D:4)
  An obsidian bat (Orc:2)
  5 deep elf pyromancers
  19 orc knights
  A necromancer (D:15)
  17 ugly things
  An orc sorcerer (Orc:1)
  17 wolf spiders
  Maurice (D:8)
  7 cyclopes
  6 will-o-the-wisps
  7 meliai
  2 manticores
  An apocalypse crab (D:14)
  34 elephants
  8 vault sentinels
  A meliai (shapeshifter) (D:13)
  5 black mambas
  4 kobold blastminers
  An orange demon (D:8)
  5 rime drakes
  Maggie (D:8)
  5 torpor snails
  22 cane toads
  3 kobold demonologists
  2 komodo dragons
  A tengu conjurer (D:15)
  An efreet (D:14)
  11 yaktaurs
  A merfolk (shapeshifter) (D:14)
  23 jumping spiders
  A troll (shapeshifter) (Spider:1)
  11 trolls
  A queen bee (D:12)
  12 tyrant leeches
  2 polar bears
  22 tarantellas
  3 raiju (D:14)
  Prince Ribbit (D:6)
  7 hornets
  A blink frog (shapeshifter) (D:14)
  29 blink frogs
  26 dream sheep
  2 centaur simulacra (D:15)
  40 slime creatures
  2 shadows
  Sigmund (D:3)
  22 culicivoras
  6 spriggans
  2 wraiths
  2 vampires
  4 water elementals (D:13)
  57 yaks
  4 wyverns
  A fire elemental (D:14)
  Eustachio (D:4)
  3 basilisks
  3 steam dragons
  13 vampire mosquitoes
  49 redbacks
  Edmund (D:6)
  The ghost of sol12 the Magician, an amateur DjCj (D:3)
  14 swamp worms
  4 acid dragons
  11 water moccasins
  4 hell hounds (D:14)
  32 orc warriors
  6 swamp drakes (Swamp:4)
  5 ice beasts
  3 laughing skulls
  A sky beast (D:8)
  4 black bears
  7 centaurs
  30 wolves
  9 ogres
  3 lemures (D:4)
  A phantom (D:5)
  5 kobold brigands
  Blork the orc (D:4)
  16 bullfrogs
  A wyvern zombie (D:3)
  6 gnoll sergeants
  A wight (D:9)
  28 killer bees (D:12)
  3 electric eels
  6 howler monkeys
  3 vampire bats (Orc:2)
  A lava snake (D:15)
  2 centaur zombies
  2 bullfrog zombies (D:3)
  36 orc priests
  A jelly (D:7)
  2 hounds
  A gnoll bouda (D:7)
  3 iguanas
  Ijyb (D:4)
  22 orc wizards
  29 gnolls
  13 adders
  A white imp (D:6)
  2 ufetubi (D:7)
  5 dart slugs
  A ribbon worm (D:3)
  71 orcs
  6 ball pythons
  5 bats
  4 endoplasms
  5 giant cockroaches
  6 goblins
  3 hobgoblins
  9 jackals
  14 kobolds
  5 quokkas
  A frilled lizard (D:2)
  2 rats
1236 creatures vanquished.

Vanquished Creatures (collateral kills)
  A hound (D:5)
  A gnoll bouda (D:5)
2 creatures vanquished.

Vanquished Creatures (others)
  A swamp dragon (Swamp:4)
  A large abomination (D:14)
  A bloated husk (Swamp:4)
  A golden eye (shapeshifter) (D:14)
  A swamp worm (Swamp:4)
  An orc warrior (Orc:1)
  2 swamp drakes (Swamp:4)
  An orc priest (Orc:1)
  20 foxfires
29 creatures vanquished.

Grand Total: 1267 creatures vanquished

Notes
Turn   | Place    | Note
-------+----------+-------------------------------------------
     0 | D:1      | 10x100 the Formicid Fighter began the quest for the Orb.
     0 | D:1      | Reached XP level 1. HP: 18/18 MP: 1/1
    14 | D:1      | Found Xaumuuma's Assorted Antiques.
    96 | D:1      | Reached XP level 2. HP: 24/24 MP: 2/2
   289 | D:1      | Reached XP level 3. HP: 30/30 MP: 3/3
   681 | D:1      | Bought a scroll labelled JUNOFR SIKOLOM for 19 gold pieces
   959 | D:2      | Reached XP level 4. HP: 37/37 MP: 4/4
   960 | D:2      | Reached skill level 3 in Axes
  1217 | D:3      | Reached XP level 5. HP: 42/42 MP: 5/5
  1224 | D:3      | Reached skill level 4 in Axes
  1295 | D:1      | Bought a pair of embroidered gloves for 142 gold pieces
  1581 | D:3      | Noticed Sigmund
  1598 | D:3      | Killed Sigmund
  1599 | D:3      | Reached skill level 5 in Axes
  1599 | D:3      | Reached XP level 6. HP: 10/48 MP: 6/6
  1618 | D:3      | Reached skill level 6 in Axes
  1694 | D:3      | Found a transporter.
  1694 | D:3      | Found a transporter.
  1694 | D:3      | Noticed sol12's ghost (amateur DjCj)
  1910 | D:3      | Found a faded altar of an unknown god.
  2002 | D:3      | Reached XP level 7. HP: 54/54 MP: 7/7
  2275 | D:3      | Killed sol12's ghost
  2276 | D:3      | Reached skill level 7 in Axes
  2282 | D:3      | Reached skill level 5 in Fighting
  2367 | D:4      | Noticed Eustachio
  2377 | D:4      | Killed Eustachio
  2378 | D:4      | Reached XP level 8. HP: 62/62 MP: 8/8
  2443 | D:4      | Reached skill level 8 in Axes
  2457 | D:4      | Noticed Pikel
  2474 | D:4      | Killed Pikel
  2475 | D:4      | Reached skill level 9 in Axes
  2511 | D:4      | Noticed Blork the orc
  2517 | D:4      | Noticed Ijyb
  2519 | D:4      | Killed Blork the orc
  2527 | D:4      | Reached XP level 9. HP: 57/71 MP: 9/9
  2527 | D:4      | Killed Ijyb
  3084 | D:5      | Entered Level 5 of the Dungeon
  3197 | D:5      | Reached skill level 10 in Axes
  3265 | D:5      | Found a radiant altar of Vehumet.
  3454 | D:5      | Found a shimmering altar of Xom.
  3623 | D:5      | Found Eshrocasi's Antique Weapon Boutique.
  3684 | D:6      | Noticed Edmund
  3705 | D:6      | Killed Edmund
  3742 | D:6      | Found a staircase to the Ecumenical Temple.
  3750 | Temple   | Entered the Ecumenical Temple
  3762 | Temple   | Became a worshipper of Warmaster Okawaru
  3937 | D:5      | Bought a runed broad axe for 168 gold pieces
  3971 | D:6      | Reached skill level 1 in Invocations
  4298 | D:6      | Noticed Prince Ribbit
  4306 | D:6      | Killed Prince Ribbit
  4605 | D:7      | Reached XP level 10. HP: 80/80 MP: 12/12
  4640 | D:7      | Reached * piety under Okawaru
  4675 | D:7      | Reached skill level 1 in Evocations
  4771 | D:7      | Reached skill level 11 in Axes
  4836 | D:7      | Reached skill level 5 in Invocations
  5124 | D:8      | Noticed Amaemon
  5126 | D:8      | Noticed an orange demon
  5136 | D:8      | Killed Amaemon
  5137 | D:8      | Reached skill level 5 in Evocations
  5142 | D:8      | You fall into a shaft and drop 1 floor!
  5217 | D:8      | Reached ** piety under Okawaru
  5330 | D:8      | Reached skill level 5 in Shields
  5578 | D:8      | Noticed Maggie
  5579 | D:8      | Found a blossoming altar of Fedhas.
  5612 | D:8      | Killed Maggie
  5774 | D:8      | Killed an orange demon
  5802 | D:8      | Reached skill level 10 in Fighting
  5806 | D:8      | Reached XP level 11. HP: 78/90 MP: 11/14
  5807 | D:8      | Reached skill level 5 in Armour
  5945 | D:8      | Noticed Maurice
  5959 | D:8      | Maurice stole a +2 glaive of flaming
  5960 | D:8      | Killed Maurice
  5960 | D:8      | Reached *** piety under Okawaru
  6176 | D:8      | Found a snail-covered altar of Cheibriados.
  6279 | D:9      | Noticed Erica
  6292 | D:9      | Killed Erica
  6294 | D:9      | HP: 4/90 [poisoned by Erica (bolt of poison)]
  6299 | D:9      | HP: 2/90 [poisoned by Erica (bolt of poison)]
  6432 | D:9      | Noticed Gastronok
  6453 | D:9      | Killed Gastronok
  6453 | D:9      | Reached **** piety under Okawaru
  6498 | D:9      | Found a staircase to the Lair.
  6600 | D:9      | Found a glowing silver altar of Zin.
  6600 | D:9      | Noticed an angel
  6607 | D:9      | Reached ***** piety under Okawaru
  6774 | D:9      | Found the +5 woodcutter's axe
  6834 | D:9      | Noticed a two-headed ogre
  6843 | D:9      | Killed a two-headed ogre
  6919 | D:9      | Reached XP level 12. HP: 96/97 MP: 18/18
  7216 | Lair:1   | Entered Level 1 of the Lair of Beasts
  7388 | Lair:1   | Reached skill level 10 in Invocations
  7425 | Lair:1   | Reached ****** piety under Okawaru
  7435 | Lair:1   | Reached skill level 10 in Armour
  7436 | Lair:1   | Received a gift from Okawaru
  7437 | Lair:1   | Acquired a +1 executioner's axe of distortion
  7437 | Lair:1   | Received a gift from Okawaru
  7624 | Lair:1   | Noticed a boulder beetle
  7632 | Lair:1   | Killed a boulder beetle
  7633 | Lair:1   | Reached skill level 10 in Shields
  7824 | Lair:1   | Reached skill level 12 in Axes
  7831 | Lair:1   | Reached XP level 13. HP: 103/103 MP: 20/20
  8249 | Lair:2   | Noticed a seven-headed hydra
  8258 | Lair:2   | Killed a seven-headed hydra
  8259 | Lair:2   | Reached skill level 13 in Axes
  8302 | Lair:2   | Reached skill level 1 in Dodging
  8469 | Lair:2   | Acquired the +3 pair of seven-league boots {Rampage+∞}
  8469 | Lair:2   | Received a gift from Okawaru
  8469 | Lair:2   | Found the +3 pair of seven-league boots {Rampage+∞}
  8510 | Lair:2   | Noticed a five-headed hydra
  8521 | Lair:2   | Killed a five-headed hydra
  8539 | Lair:2   | Identified the +5 spear of the Beginning {antimagic, rCorr}
  8575 | Lair:2   | Received a gift from Okawaru
  9201 | Lair:3   | Noticed Urug
  9208 | Lair:3   | Killed Urug
  9299 | Lair:3   | Reached skill level 5 in Dodging
  9783 | Lair:3   | Found a staircase to the Swamp.
  9824 | Lair:3   | Found a hole to the Spider Nest.
 10063 | Lair:4   | Noticed a seven-headed hydra
 10071 | Lair:4   | Killed a seven-headed hydra
 10079 | Lair:4   | Reached XP level 14. HP: 113/113 MP: 21/21
 10110 | Lair:4   | Found a viscous altar of Jiyva.
 10113 | Lair:4   | Found a staircase to the Slime Pits.
 10264 | Lair:4   | Reached skill level 10 in Evocations
 10446 | Lair:4   | Received a gift from Okawaru
 10472 | Lair:4   | Reached skill level 14 in Axes
 10836 | Lair:5   | Entered Level 5 of the Lair of Beasts
 10945 | Lair:5   | Received a gift from Okawaru
 10998 | Lair:5   | Reached skill level 15 in Axes
 11009 | Lair:5   | Reached XP level 15. HP: 110/122 MP: 22/22
 11110 | Lair:5   | Received a gift from Okawaru
 11343 | Lair:5   | Reached skill level 16 in Axes
 11418 | Lair:5   | Received a gift from Okawaru
 11746 | Lair:5   | Identified the +7 morningstar of Fortitude {flame, Stlth+}
 12074 | D:10     | Entered Level 10 of the Dungeon
 12551 | D:10     | Reached skill level 17 in Axes
 12714 | D:10     | Found a hide-covered altar of Uskayaw.
 12985 | D:11     | Received a gift from Okawaru
 13055 | D:11     | Found a staircase to the Orcish Mines.
 13189 | D:11     | Reached XP level 16. HP: 118/134 MP: 23/23
 13317 | D:11     | Found Bompel's Assorted Antiques.
 13340 | D:11     | Identified the blade talisman "Idiuj" {rElec MP+9 Dex+3
                  | Stlth-}
 13521 | Orc:1    | Entered Level 1 of the Orcish Mines
 13668 | Orc:1    | Reached skill level 15 in Fighting
 13959 | Orc:2    | Entered Level 2 of the Orcish Mines
 14094 | Orc:2    | Found Ethriha's Antique Armour Boutique.
 14212 | Orc:2    | Found a staircase to the Elven Halls.
 14348 | Orc:2    | Found Yrral's Antique Weapon Shoppe.
 14514 | Orc:2    | Reached skill level 18 in Axes
 14601 | Orc:2    | Found Apyuj's Magic Scroll Shop.
 14602 | Orc:2    | Found Vedaq's Assorted Antiques.
 14602 | Orc:2    | Found Veaduec's Magic Scroll Boutique.
 14603 | Orc:2    | Found Gugeples's Jewellery Shop.
 14610 | Orc:2    | Bought a scroll labelled JIET AQ SIEFY for 26 gold pieces
 14610 | Orc:2    | Bought a purple potion for 23 gold pieces
 14612 | Orc:2    | Bought a scroll of enchant weapon for 90 gold pieces
 14898 | D:12     | Received a gift from Okawaru
 15494 | D:12     | Found the +18 Lear's hauberk
 15713 | D:12     | Reached XP level 17. HP: 141/142 MP: 24/24
 16104 | D:13     | Reached skill level 19 in Axes
 16211 | D:13     | Received a gift from Okawaru
 16331 | D:13     | Found a gate to the Vaults.
 16716 | D:13     | Found Vosuxuanirch's Book Boutique.
 17149 | D:14     | Found an iron altar of Okawaru.
 17268 | D:14     | Found a transporter.
 17269 | D:14     | Noticed Azrael
 17270 | D:14     | Found a corrupted altar of Lugonu.
 17285 | D:14     | Found an ornate altar of the Wu Jian Council.
 17438 | D:14     | Found a transporter.
 17458 | D:14     | Banished Azrael
 17475 | D:14     | Identified the ring of Efugostros {^Drain +Blink Fly rC-
                  | AC+4}
 17717 | D:15     | Entered Level 15 of the Dungeon
 17861 | D:15     | Found a flickering gateway to a bazaar.
 17867 | Bazaar   | Entered a bazaar
 17898 | Bazaar   | Found Doyraboc's Jewellery Boutique.
 17920 | Bazaar   | Found Dumuuxox's Jewellery Emporium.
 17941 | Bazaar   | Found Eloddagi's Book Boutique.
 17961 | Bazaar   | Found Noeraxt's Assorted Antiques.
 18211 | Orc:2    | Bought 3 scrolls of acquirement for 1872 gold pieces
 18212 | Orc:2    | Acquired 995 gold pieces
 18214 | Orc:2    | Acquired 1247 gold pieces
 18216 | Orc:2    | Acquired 887 gold pieces
 18219 | Orc:2    | Bought a scroll of enchant weapon for 90 gold pieces
 18221 | Orc:2    | Bought a scroll of identify for 24 gold pieces
 18221 | Orc:2    | Bought a scroll of identify for 24 gold pieces
 18221 | Orc:2    | Bought a scroll of identify for 24 gold pieces
 18221 | Orc:2    | Bought a scroll of revelation for 90 gold pieces
 18471 | D:15     | Received a gift from Okawaru
 18736 | D:15     | Found a staircase to the Depths.
 19687 | Orc:2    | Bought the ring "Bitag" {Fire rPois Int-5 Dex+2 Stlth+} for
                  | 359 gold pieces
 19939 | Swamp:1  | Entered Level 1 of the Swamp
 19946 | Swamp:1  | Found a white marble altar of Elyvilon.
 20801 | Swamp:2  | Reached XP level 18. HP: 134/148 MP: 25/25
 20926 | Swamp:2  | Noticed a tentacled monstrosity
 20937 | Swamp:2  | Killed a tentacled monstrosity
 21727 | Swamp:3  | Reached skill level 15 in Shields
 22130 | Swamp:4  | Entered Level 4 of the Swamp
 22188 | Swamp:4  | Reached skill level 15 in Armour
 22673 | Swamp:4  | Reached XP level 19. HP: 87/157 MP: 24/26
 22922 | Swamp:4  | Got a decaying rune of Zot
 23352 | Orc:2    | Bought a ring of resist corrosion for 220 gold pieces
 23606 | Spider:1 | Entered Level 1 of the Spider Nest
 23809 | Spider:1 | Reached skill level 10 in Dodging
 24366 | Spider:2 | Noticed Mlioglotl
 24377 | Spider:2 | Killed Mlioglotl
 24832 | Spider:2 | Noticed Asterion
 24839 | Spider:2 | Killed Asterion
 26067 | Spider:4 | Entered Level 4 of the Spider Nest
 26409 | Spider:4 | Reached XP level 20. HP: 165/168 MP: 24/27
 26583 | Spider:4 | Got a gossamer rune of Zot
 26587 | Spider:4 | Identified the +1 pair of gloves of Resonance {-Cast
                  | Rampage rPois Will+++}
 27232 | Vaults:1 | Entered Level 1 of the Vaults
 27871 | Vaults:1 | Found Onkie's Armour Emporium.
 27879 | Vaults:1 | Bought the +1 cloak of Starlight {*Dazzle EV+4 Stlth--} for
                  | 671 gold pieces
 27879 | Vaults:1 | Found the +1 cloak of Starlight {*Dazzle EV+4 Stlth--}
 28463 | Vaults:2 | Received a gift from Okawaru
 28587 | Vaults:2 | Noticed Saint Roka
 28602 | Vaults:2 | Banished Saint Roka
 28800 | Vaults:2 | Found Feesas's Weapon Boutique.
 28811 | Vaults:2 | Reached XP level 21. HP: 148/177 MP: 28/28
 29158 | Vaults:2 | Received a gift from Okawaru
 30017 | Vaults:3 | Identified the orb of Conscience {*channel, Tloc}
 30017 | Vaults:3 | Noticed Frederick
 30026 | Vaults:3 | Killed from afar by Frederick

Illustrated notes

Levels and vault maps discovered:
D:1:      amcnicky_arrival_gap_in_the_tavern_cellar, layout_basic, serial_shops,
          shop
D:2:      layout_basic
D:3:      layout_basic, hellmonk_ecumenical_altar_heavens_door,
          gammafunk_ghost_mausoleum, wad_floor_pattern_untrapped,
          roderic_lattice_a, uniq_sigmund
D:4:      layout_cave_pools, serial_park, serial_park_tiny_2,
          serial_park_avenue1, serial_park_tiny_1, serial_park_tiny_2,
          chequers_big_river, uniq_pikel, uniq_blork_the_orc, uniq_eustachio,
          uniq_ijyb
D:5:      layout_rooms, vehumet_altar_wand_db, mainiacjoe_overflow_24_doors,
          serial_shops, nicolae_shop_back_alley_shop
D:6:      layout_gridville, minmay_temple_entry_wispy, corexii_hall_statues_t,
          uniq_edmund, uniq_prince_ribbit1
D:7:      layout_basic, chequers_serial_rivers_micro_b
D:8:      layout_basic, lemuel_doored_altar, amcnicky_altar_gilded, uniq_maggie,
          uniq_amaemon, uniq_maurice
D:9:      layout_irregular_city, zin_angel, hellmonk_lair_entry_icy,
          minmay_stone_trees_large, serial_bayou_pond_b, uniq_erica,
          uniq_gastronok
D:10:     layout_loops_corners, nicolae_uskayaw_suspiria
D:11:     layout_rooms, kennysheep_orc_monster_closet_entryway, serial_shops,
          shop
D:12:     regret_index_wax_grids, layout_cross
D:13:     layout_long_grid, david_vaults_4, serial_shops, shop, serial_bayou,
          serial_bayou_crossing, serial_bayou_shore_a, serial_bayou_lake_a,
          serial_bayou_ford_a
D:14:     gammafunk_corrupted_shrine, layout_irregular_city,
          okawaru_metal_pillars_1_2, chequers_garden, drop_trap,
          nicolae_wu_jian_immortal_techniques, uniq_azrael
D:15:     grunt_enter_depths_magical_seal, layout_basic, serial_shops,
          statue_bzr, kennysheep_flooded_box
Temple:   compressed_dpeg_triangle_lava_temple
Lair:1:   layout_gridlike, minmay_holes, infiniplex_staircase_pool_2
Lair:2:   cheibrodos_lair_overgrown_chateau, layout_regular_city,
          lemuel_fruit_fields, infiniplex_staircase_pool
Lair:3:   layout_loops_ring, nicolae_swamp_entry_splash_gauntlet,
          spider_nest_entry_funnel_web, grunt_forest_stairs_clearing, uniq_urug
Lair:4:   layout_roguey, slime_entry_1
Lair:5:   minmay_lair_end_frog_pond, layout_regular_city, grunt_megastairs_5
Swamp:1:  layout_falls_marsh, basic_altar, nicolae_swamp_oxbows
Swamp:2:  layout_falls_marsh, evilmike_swamp_ruin_house_1
Swamp:3:  layout_basic_swamp, evilmike_swamp_ruin_rubble_1, swamp_pool_1_2
Swamp:4:  swamp, layout_basic_swamp
Spider:1: layout_spider_delve, hellmonk_deceptive_appearances
Spider:2: layout_spider_delve, uniq_mlioglotl, uniq_asterion
Spider:3: layout_spider_delve, hangedman_spider_tarantella_strand
Spider:4: hellmonk_spider_rune_endless_swarm, drop_trap
Orc:1:    layout_caves
Orc:2:    st_orc_pillars, layout_diamond_mine, serial_shops,
          nicolae_shop_tiny_real_fake_doors, nicolae_shop_rolling_square,
          roderic_batcave
Vaults:1: v_misc_18, v_misc_24, v_misc_28, v_rooms_6,
          nicolae_vaults_tetromino_Z_1, nicolae_vaults_diamond_1,
          layout_vaults_chaotic_city, serial_shops, shop
Vaults:2: hangedman_vaults_stretched_pinwheel, v_rooms_1, vaults_room_pool,
          grunt_vaults_funnel, dpeg_vaults_monster_box, v_misc_3, v_rooms_3,
          vaults_dpeg_diagonal, nicolae_vaults_taking_the_gang_shopping,
          layout_vaults_omnigrid, uniq_saint_roka
Vaults:3: minmay_crypt_entry_necro_gods, nicolae_vaults_octothorpe, st_lines,
          ontoclasm_vaults_pinch, ontoclasm_vaults_decontamination,
          ontoclasm_vaults_twist, nicolae_vaults_closet_pinwheel_6,
          hangedman_vaults_cutoff, nicolae_vaults_offset_grid_hallway_1,
          nicolae_vaults_bisected_exclaves, v_misc_12, nicolae_vaults_wrenched,
          layout_vaults_big_cross, serial_shops, shop_fountains, uniq_margery,
          uniq_boris, uniq_frederick

Skill      XL: |  1  2  3  4  5  6  7  8  9 10 11 12 13 14 15 16 17 18 19 20 21 |
---------------+----------------------------------------------------------------+-----
Fighting       | 4 5 6 8 10 11 12 14 16 17 18 | 18.0
Axes           | 3 5 6 7 9 10 11 12 13 15 17 18 19 | 19.0
Armour         | 4 8 10 13 15 16 17 18 | 18.0
Invocations    | 3 5 8 10 | 10.0
Evocations     | 5 8 10 | 10.0
Shields        | 5 8 10 13 15 16 17 18 | 18.0
Dodging        | 5 8 10 12 | 12.3

Action                     |  1- 3 |  4- 6 |  7- 9 | 10-12 | 13-15 | 16-18 | 19-21 || total
---------------------------+-------+-------+-------+-------+-------+-------+-------++-------
  Melee: War axe           |    43 |    30 |   111 |       |       |       |       ||   184
         Dagger            |       |       |    17 |       |       |       |       ||    17
         Flail             |       |       |    14 |       |       |       |       ||    14
         Broad axe         |       |       |    12 |   223 |       |       |       ||   235
         Battleaxe         |       |       |     4 |       |       |       |       ||     4
         Halberd           |       |       |     1 |       |       |       |       ||     1
         Executioner's axe |       |       |       |    42 |   491 |   909 |   797 ||  2239
   Fire: Sling             |    21 |    26 |    71 |    63 |       |       |       ||   181
  Throw: Dart              |       |       |       |     3 |       |       |       ||     3
 Invoke: Heroism           |       |       |       |    11 |    23 |    29 |    23 ||    86
         Receive Weapon    |       |       |       |     1 |       |       |       ||     1
         Receive Armour    |       |       |       |       |     1 |       |       ||     1
         Finesse           |       |       |       |       |     3 |    10 |     3 ||    16
Ability: Dig               |       |     2 |       |       |       |     1 |       ||     3
         Shaft Self        |       |       |       |     1 |       |       |       ||     1
  Evoke: Wand              |       |       |     1 |       |    37 |    64 |       ||   102
    Use: Potion            |       |     2 |     1 |     2 |       |     2 |       ||     7
         Scroll            |       |       |     2 |     9 |     2 |    21 |     1 ||    35
   Stab: Distracted        |       |       |       |       |     1 |     1 |       ||     2
         Invisible         |       |       |       |       |       |       |     3 ||     3
 Armour: Scale mail        |    35 |    19 |   127 |   227 |   280 |   361 |   162 ||  1211
         Plate armour      |       |       |     9 |       |       |       |       ||     9
         Swamp dragon scal |       |       |       |       |       |   328 |   174 ||   502
  Dodge: Dodged            |    25 |    11 |    79 |   139 |   302 |   421 |   319 ||  1296
  Block: Buckler           |     8 |     6 |    49 |    93 |   152 |   296 |    71 ||   675
         Kite shield       |       |       |       |       |       |       |   368 ||   368

Table legend: (Time is in decaauts)
 A = Elapsed time spent in this place.
 B = Non-inter-level travel time spent in this place.
 C = Inter-level travel time spent in this place.
 D = Time resting spent in this place.
 E = Time spent auto-exploring this place.
 F = Levels seen in this place.
 G = Mean time per level.
                   A        B        C        D        E       F      G
               +--------+--------+--------+--------+--------+-----+--------+
         Total |  30128 |  26703 |   3425 |     81 |  21203 |  35 |  860.8 |
       Dungeon |  13443 |  11647 |   1796 |     81 |   9200 |  15 |  896.2 |
        Temple |     22 |      3 |     19 |      0 |      0 |   1 |   22.0 |
          Lair |   5108 |   4668 |    440 |      0 |   3729 |   5 | 1021.6 |
         Swamp |   3333 |   3168 |    165 |      0 |   2573 |   4 |  833.2 |
   Spider Nest |   3343 |   3128 |    215 |      0 |   2466 |   4 |  835.8 |
  Orcish Mines |   1999 |   1259 |    740 |      0 |    981 |   2 |  999.5 |
        Vaults |   2746 |   2699 |     47 |      0 |   2144 |   3 |  915.3 |
        Bazaar |    130 |    130 |      0 |      0 |    109 |   1 |  130.0 |
               +--------+--------+--------+--------+--------+-----+--------+

Top non-repeatable levels by time:
   Orc:2: 1365 daAuts
Vaults:2: 1216 daAuts
     D:9: 1207 daAuts
    D:13: 1197 daAuts
    D:12: 1154 daAuts
     D:8: 1126 daAuts
  Lair:5: 1119 daAuts
Vaults:1: 1111 daAuts
  Lair:1: 1102 daAuts
  Lair:3: 1099 daAuts
     D:3: 1041 daAuts
  Lair:2: 984 daAuts
    D:10: 983 daAuts
Spider:2: 969 daAuts
    D:15: 953 daAuts
